← All builds
Suicide front / Armada / Factory first / OBSERVED BUILD

Standard suicide front

Armada Suicide front build order · Supreme Isthmus

The role's baseline: Bot Lab at 0:21 then straight into reclaim-fed T1 bot production to contest the middle and hold until T2 arrives, with an Advanced Metal Extractor around 9:45.

#rush · 2013 distinct matches · 230 players · 72% of Armada Suicide front games · team won 59% of 2387 · Recently observed

HOW TO PLAY IT

Key timing: Bot Lab by 0:20

  1. Open with mex and lab-first to get Bot Lab up by 0:20.
  2. Expand mex and wind while lab pumps units toward middle.
  3. Push Sentry and early Rocketeer, Centurion to contest middle.
  4. Get T2 constructor out once Pond's boost lets you spare metal.
  5. Upgrade mex to Advanced Metal Extractor as you transition off T1 spam.

Phase by phase

TYPICAL OF ITS 2013 GAMES
  1. 1
  2. 2
  3. 3
PLAY THE OPENING

Follow the example game's first 6:00 step by step: what to build now, what comes next, and where it goes. At 1× it keeps pace with your own game.

  1. 1

    Bot Lab first

    Order
    1. Bot LabBot Lab done ~0:21, middle half 0:20–0:33

    Some games also: mex (44%)

  2. 2

    Bot Lab to 5:00

    Economy
    • Metal Extractor5Mex
    • Wind Turbine4Wind
    Builders
    • Construction Bot3 Con bot
    • Lazarus2 Lazarus
    Army
    • Sentry4 Sentry
    • Rocketeer16 Rocketeer
    • Tick2 Tick
    • Centurion1 Centurion
    Other
    • Radar Tower1 Radar Tower

    Some games also: pawn (38%) · con turret (34%)

    By 5:00 in all: 5 mex · 4 wind

    The example game in this phase · 29 steps
    1. TickTick
    2. Wind
    3. TickTick
    4. Construction BotCon bot
    5. CenturionCenturion
    6. Wind ×2
    7. Construction BotCon bot
    8. SentrySentry
    9. LazarusLazarus
    10. Mex
    11. Construction BotCon bot
    12. SentrySentry
    13. RocketeerRocketeer ×2
    14. SentrySentry
    15. RocketeerRocketeer
    16. Con turret
    17. Mex
    18. RocketeerRocketeer
    19. SentrySentry
    20. RocketeerRocketeer
    21. SentrySentry
    22. Mex
    23. Construction BotCon bot
    24. Mex
    25. LazarusLazarus
    26. Mex
    27. CenturionCenturion
    28. Con turret
    29. SentrySentry ×2
  3. 3

    5:00 to 10:00

    Economy
    • Metal Extractor1Mex
    • Wind Turbine15Wind
    Builders
    • Construction Turret2 Con turret
    • Lazarus2 Lazarus
    • Construction Bot1 Con bot
    Army
    • Sentry1 Sentry
    • Rocketeer8 Rocketeer

    Some games also: pawn (49%) · Radar Tower (46%) · tick (45%) · centurion (44%) · energy storage (43%) · eat Bot Lab (31%)

    By 10:00 in all: 6 mex · 21 wind · 1 energy storage · 2 con turret

    The example game in this phase · 138 steps
    1. CenturionCenturion
    2. SentrySentry
    3. Wind ×2
    4. CenturionCenturion
    5. Wind ×2
    6. GauntletGauntletdone 7:17
    7. Wind ×2
    8. LazarusLazarus
    9. Wind
    10. Radar TowerRadar Tower
    11. SentrySentry
    12. Wind
    13. Converter
    14. Mex
    15. Wind
    16. Mex
    17. Wind
    18. LazarusLazarus
    19. Wind
    20. Converter
    21. SentrySentry
    22. Wind ×2
    23. TickTick ×7
    24. Wind
    25. TickTick ×2
    26. Converter
    27. TickTick ×2
    28. SentrySentry
    29. TickTick ×4
    30. Wind
    31. TickTick ×3
    32. Mex
    33. TickTick ×2
    34. Converter
    35. TickTick ×2
    36. Wind
    37. TickTick ×4
    38. SentrySentry
    39. TickTick ×2
    40. Sneaky PeteSneaky Pete
    41. TickTick
    42. Wind
    43. TickTick
    44. Converter
    45. Wind
    46. TickTick
    47. Advanced Metal ExtractorT2 mexdone 9:14
    48. Wind
    49. SentrySentry
    50. TickTick
    51. Con turret
    52. Converter
    53. TickTick
    54. Wind
    55. TickTick
    56. RattlesnakeRattlesnakenot finished by 15:00
    57. TickTick
    58. Advanced Metal ExtractorT2 mex
    59. Con turret
    60. Wind
    61. TickTick ×2
    62. Wind
    63. TickTick
    64. Converter
    65. TickTick
    66. Wind
    67. TickTick
    68. Wind
    69. TickTick
    70. Con turret
    71. Wind
    72. TickTick
    73. RattlesnakeRattlesnake
    74. Wind
    75. Converter
    76. Con turret
    77. Advanced Metal ExtractorT2 mex
    78. Wind
    79. Converter
    80. Wind ×2
    81. Converter
    82. TickTick
    83. Wind
    84. TickTick ×6
    85. Converter
    86. Fusion ReactorFusiondone 13:53
    87. TickTick
    88. Wind
    89. Con turret
    90. TickTick ×5
    91. Con turret
    92. TickTick ×3
    93. Wind
    94. VeilVeil
    95. TickTick
    96. Converter
    97. TickTick
    98. Advanced Metal ExtractorT2 mex
    99. TickTick
    100. Wind ×4
    101. Converter
    102. Wind ×5
    103. Construction BotCon bot
    104. Wind ×2
    105. TickTick
    106. SentrySentry
    107. Construction BotCon bot
    108. SentrySentry
    109. Wind
    110. TickTick
    111. Wind
    112. Construction BotCon bot
    113. T2 converter
    114. Wind
    115. TickTick
    116. Wind
    117. Construction BotCon bot
    118. Wind
    119. Pit BullPit Bull
    120. TickTick
    121. Construction BotCon bot
    122. Wind
    123. Con turret
    124. Fusion ReactorFusion
    125. Con turret
    126. TickTick
    127. Con turret
    128. Wind ×2
    129. TickTick
    130. Con turret
    131. TickTick
    132. Wind
    133. TickTick ×2
    134. BeamerBeamer
    135. Wind
    136. TickTick
    137. Wind
    138. BeamerBeamer

Counts are medians over the build's games: half of them build more, half fewer. The example game is MrMilkman's (31 OS, 24/09/2026); pick another.

Team trades

IN AT LEAST 30% OF ITS GAMES

You hand over

Nothing regular.

You get

  • Tidal Generator4 Tidal from Pondfirst at 0:10 · in 68% of games
  • Advanced Construction Bot1 T2 con bot from Geo or Techfirst at 7:41 · in 57% of games

How it plays out

Typical game of this build, running totals by minute

Metal produced

010k20k
0:005:0010:0015:00

metal

Enemy metal destroyed

05k10k
0:005:0010:0015:00

metal

Own metal lost

05k10k
0:005:0010:0015:00

metal

2387 games.

Show as table
ByMetal produced: This buildEnemy metal destroyed: This buildOwn metal lost: This build
1:0023000
2:0088700
3:002009184130
4:003110645501
5:00418413561000
6:00534721831708
7:00653930512597
8:00776039383503
9:00904646934376
10:001041853145163
11:001189458575965
12:001360664066686
13:001541268767439
14:001730675038212
15:001929281098997
WHAT THE NUMBERS SAY

Standard Suicide front play wins a bit over half its games while taking the heaviest own losses of any role by 15:00.

  • + Produces 20142 metal by 15:00, highest of the front roles.
  • + First kill by 2:01 in all games, fastest contest of middle.
  • − Own metal lost hits 9178 by 15:00, more than enemy metal destroyed.
  • − Only 34% Rocketeer share shows army spread thin across many bot types.
THE EXAMPLE YOU ARE READING

MrMilkman

30.5 OS · 24/09/2026

Open source match ↗

45 received units · includes a constructor
40 metal received · 33682 energy received

Allied construction assistance is unknown. Timings are observations, not a promise of solo reproducibility.

Typical milestones

Bot Lab0:21Middle 50%: 0:20–0:33 · n=2379
Advanced Metal Extractor9:46Middle 50%: 8:50–10:58 · n=1726

Played most by

_X_262games of this buildPlatinumBlonde188games of this buildXad166games of this buildTrapCaT107games of this buildImmort80games of this build
Standard suicide front · Armada Suicide front build order · BAR Build Atlas